 Dungeon Crawl Stone Soup version 0.30-a0-719-gcc4359ea44 (webtiles) character file.

Game seed: 2129288483179194813

92143 browni3141 the Impaler (level 15, 0/119 HPs)
             Began as a Mummy Cinder Acolyte on Jan 26, 2023.
             Was an Initiate of Ignis.
             Slain by a revenant (7 damage)
             ... on level 3 of the Abyss.
             The game lasted 01:39:41 (25825 turns).

browni3141 the Impaler (Mummy Cinder Acolyte)      Turns: 25825, Time: 01:39:41

Health: 0/119      AC: 20    Str: 24    XL:     15   Next: 57%
Magic:  17/17      EV: 11    Int: 14    God:    Ignis [......]
Gold:   1556       SH:  0    Dex:  5    Spells: 14/16 levels left

rFire   + + .      SeeInvis +    a - +5 halberd of Anguish {vamp, rElec Will++ Dex-3}
rCold   . . .      Faith    +    (shield currently unavailable)
rNeg    + + +      Spirit   .    I - +0 fire dragon scales
rPois   ∞          Reflect  .    i - +2 helmet
rElec   +          Harm     .    m - scarf {repulsion}
rCorr   +          Rampage  .    o - +0 pair of gloves
Will    +++..                    Q - +2 pair of boots
Stlth   +                        A - amulet of regeneration
HPRegen 1.19/turn                s - ring of see invisible
MPRegen 0.15/turn                q - ring of resist corrosion

@: repel missiles
A: cold resistance 1, negative energy resistance 3, torment resistance 2, heat
vulnerability 1, in touch with death 2, no potions, faith
a: Renounce Religion, Rising Flame


You were on level 3 of the Abyss.
You worshipped Ignis.
Ignis was noncommittal.
You visited 3 branches of the dungeon, and saw 19 of its levels.
You visited the Abyss 2 times.

You collected 2264 gold pieces.
You spent 708 gold pieces at shops.

Inventory:

Hand Weapons
 a - the +5 halberd of Anguish (weapon) {vamp, rElec Will++ Dex-3}
   (You found it on level 5 of the Lair of Beasts)

   Dex:       It affects your dexterity (-3).
   rElec:     It insulates you from electricity.
   Will:      It greatly increases your willpower.
 b - a +6 trident of protection
 p - the +9 hand axe of Red Wine {heavy, rElec rPois Str-3 Int-4}
   (You found it on level 8 of the Dungeon)

   Str:       It affects your strength (-3).
   Int:       It affects your intelligence (-4).
   rElec:     It insulates you from electricity.
   rPois:     It protects you from poison.
 z - a +2 vampiric spear
 R - a +0 heavy halberd
 V - a +1 spear of venom
 X - the +9 shortbow "Xukulef" {antimagic, Stlth+}
   (You found it on level 11 of the Dungeon)

   Stlth:     It makes you more stealthy.
Missiles
 f - 60 poisoned darts
 h - 8 atropa-tipped darts
 w - 3 boomerangs of dispersal
 y - a throwing net
 D - 12 javelins
Armour
 c - a +0 ring mail
 g - a +0 plate armour
 i - a +2 helmet (worn)
 m - a scarf of repulsion (worn)
 n - a +2 cloak
 o - a +0 pair of gloves (worn)
 B - a +0 robe
 F - a +0 pair of boots
 I - +0 fire dragon scales (worn)
 Q - a +2 pair of boots (worn)
Jewellery
 q - a ring of resist corrosion (right hand)
 r - an amulet of magic regeneration
 s - a ring of see invisible (left hand)
 A - an amulet of regeneration (around neck)
 E - a ring of ice
 G - a ring of protection from fire
 H - a +6 ring of intelligence
 P - a ring of willpower
 T - an amulet of reflection
 W - a ring of protection from cold
Wands
 d - a wand of digging (1)
 L - a wand of flame (3)
Scrolls
 e - a scroll of enchant armour
 j - 3 scrolls of enchant weapon
 t - 6 scrolls of identify
 u - 2 scrolls of magic mapping
 v - 5 scrolls of vulnerability
 x - a scroll of amnesia
 C - 2 scrolls of noise
 J - a scroll of fear
 K - 5 scrolls of fog
 O - a scroll of brand weapon
 S - a scroll of immolation
Miscellaneous
 M - a phial of floods (inert)


   Skills:
 * Level 11.2 Fighting
 - Level 16.0 Polearms
 - Level 2.0 Throwing
 * Level 10.4 Armour
 + Level 6.9 Dodging
 + Level 5.5 Stealth
 - Level 1.3 Spellcasting
 - Level 2.4 Fire Magic
 + Level 7.7 Evocations


You had 14 spell levels left.
You knew the following spells:

 Your Spells              Type           Power      Damage    Failure   Level
a - Scorch                Fire           14%        2d5       34%         2

Your spell library contained the following spells:

 Spells                   Type           Power      Damage    Failure   Level
 Blink                    Tloc           0%         N/A       67%         2
 Inner Flame              Hex/Fire       4%         N/A       75%         3
 Kindle Blastsparks       Fire/Tloc/Air  6%         2d10      80%         3
 Gell's Gravitas          Tloc           0%         N/A       88%         3
 Portal Projectile        Hex/Tloc       0%         N/A       88%         3
 Teleport Other           Tloc           0%         N/A       88%         3
 Tukima's Dance           Hex            0%         N/A       88%         3
 Flame Wave               Conj/Fire      4%         2d5       98%         4
 Sticky Flame             Conj/Fire      4%         2d3       98%         4
 Fulminant Prism          Conj/Hex       0%         3d5       99%         4
 Iskenderun's Mystic Bla  Conj/Tloc      0%         2d3       99%         4
 Passage of Golubria      Tloc           0%         N/A       99%         4
 Freezing Cloud           Conj/Ice/Air   0%         6-21      100%        5
 Lee's Rapid Deconstruct  Erth           0%         3d4*      100%        5
 Summon Forest            Summ/Tloc      0%         N/A       100%        5
 Yara's Violent Unravell  Hex/Tmut       0%         3d3       100%        5
 Dispersal                Tloc           0%         N/A       100%        6
 Simulacrum               Ice/Necr       1%         N/A       100%        6
 Chain Lightning          Conj/Air       0%         N/A       100%        9
 Fire Storm               Conj/Fire      2%         8d1       100%        9
 Polar Vortex             Ice            0%         N/A       100%        9
 Shatter                  Erth           0%         3d5*      100%        9
 Blade Hands              Tmut           Unusable   N/A       N/A         5

Dungeon Overview and Level Annotations

Branches:
Dungeon (12/15)            Temple (0/1) D:6            Lair (5/5) D:9
  Swamp (0/4) Lair:3       Spider (0/4) Lair:3        Slime (0/5) Lair:4
    Orc (2/2) D:9             Elf (0/3) Orc:2

Altars:
Dithmenos
Kikubaaqudgha
Yredelemnul
Jiyva

Shops:
Orc:1 [?(   Orc:2 ?((?

Annotations:
D:7 1 exclusion
Lair:1 exclusion: downstairs


Innate Abilities, Weirdness & Mutations

You are immune to poison.
Your flesh is cold resistant. (rC+)
You are immune to negative energy. (rN+++)
You are immune to unholy pain and torment.
You are vulnerable to heat. (rF-)
You are strongly in touch with the powers of death.
You do not drink.
You have a special connection with the divine. (Faith)


Message History

Aim: a revenant (lightly damaged, about 39% to evade the +5 halberd of Anguish)
You slash the revenant!
The revenant is moderately damaged.
The revenant hits you!
* * * LOW HITPOINT WARNING * * *
Reach: a) +5 halberd of Anguish {vamp, rElec Will++ Dex-3}
Press: ? - help, Dir - move target, f/p - revenant
Aim: a revenant (moderately damaged, about 39% to evade the +5 halberd of Anguish)
You hit the revenant but do no damage.
The revenant is moderately damaged.
The revenant hits you but does no damage.
Reach: a) +5 halberd of Anguish {vamp, rElec Will++ Dex-3}
Press: ? - help, Dir - move target, f/p - revenant
Aim: a revenant (moderately damaged, about 39% to evade the +5 halberd of Anguish)
You slice the revenant!!
The revenant is heavily damaged.
Reach: a) +5 halberd of Anguish {vamp, rElec Will++ Dex-3}
Press: ? - help, Dir - move target, f/p - revenant
Aim: a revenant (heavily damaged, about 39% to evade the +5 halberd of Anguish)
You hit the revenant but do no damage.
The revenant is heavily damaged.
The revenant closely misses you.
Reach: a) +5 halberd of Anguish {vamp, rElec Will++ Dex-3}
Press: ? - help, Dir - move target, f/p - revenant
Aim: a revenant (heavily damaged, about 39% to evade the +5 halberd of Anguish)
You puncture the revenant!
The revenant is heavily damaged.
The revenant completely misses you.
Reach: a) +5 halberd of Anguish {vamp, rElec Will++ Dex-3}
Press: ? - help, Dir - move target, f/p - revenant
Aim: a revenant (heavily damaged, about 39% to evade the +5 halberd of Anguish)
You hit the revenant but do no damage.
The revenant is heavily damaged.
Reach: a) +5 halberd of Anguish {vamp, rElec Will++ Dex-3}
Press: ? - help, Dir - move target, f/p - revenant
Aim: a revenant (heavily damaged, about 39% to evade the +5 halberd of Anguish)
You hit the revenant.
The revenant is severely damaged.
The revenant hits you!
You die...

.. ## . . # .
.§## . . ° °# .
. ○°.# #..#
#.)# #####.# .
#@###.# # # # .
..####z##.# ..
# .......X..
#..#.#
...........#X..
. ........###
..##. ......# .
.#.###### .
.... ## . ...


You could see a revenant and a large abomination.

Vanquished Creatures
  Rupert (Lair:3)
  A lich (Abyss:3)
  2 tentacled starspawn (Abyss:3)
  An orc warlord (Orc:1)
  A very ugly thing (Abyss:3)
  Snorg (Orc:2)
  A fire dragon (Lair:5)
  2 rakshasas
  Harold (Lair:2)
  2 ogre magi (Orc:2)
  4 hydras
  13 two-headed ogres
  A boulder beetle (D:11)
  A death knight (Abyss:3)
  A catoblepas (Lair:5)
  4 death yaks (Lair:4)
  Urug (Orc:2)
  A tengu warrior (D:11)
  An orc high priest (D:9)
  4 thrashing horrors (Abyss:3)
  Nergalle (D:10)
  3 wretched stars (Abyss:2)
  A skeletal warrior (D:11)
  A sixfirhy (Abyss:3)
  A swamp dragon (Lair:5)
  A glowing orange brain (Abyss:2)
  2 deep trolls (Orc:2)
  A wizard (D:9)
  2 deep elf pyromancers (D:12)
  A lindwurm (Lair:5)
  4 starcursed masses (Abyss:3)
  9 cyclopes
  2 spectral boulder beetles (D:10)
  A manticore (D:12)
  3 elephants (Lair:2)
  6 black mambas
  2 gargoyles (D:11)
  An orange demon (Abyss:3)
  11 komodo dragons
  12 cane toads
  An unseen horror (D:11)
  An unseen horror zombie (D:9)
  A kobold demonologist (D:12)
  4 rime drakes
  3 meliai (D:10)
  2 ancient zymes
  12 trolls
  A tyrant leech (Lair:3)
  A hornet (Lair:1)
  12 large abominations
  7 dream sheep (Lair:5)
  8 blink frogs (Lair:5)
  A centaur simulacrum (D:10)
  11 flying skulls
  3 vampires
  5 shadows
  2 slime creatures (D:12)
  8 wraiths
  5 wyverns
  57 yaks
  10 basilisks
  7 vampire mosquitoes
  7 steam dragons
  The ghost of bakla the Grasshopper, an amateur DsWn (D:3)
  A neqoxec (Abyss:3)
  8 wargs
  Menkaure (D:7)
  10 small abominations
  5 acid dragons
  A swamp worm (Lair:3)
  11 water moccasins
  17 orc warriors
  A sky beast (D:6)
  2 swamp drakes
  3 ice beasts
  A phantom (D:3)
  22 ogres
  10 wolves (Lair:1)
  7 centaurs
  3 kobold brigands
  A gnoll sergeant (D:11)
  A scorpion (D:6)
  10 bullfrogs
  13 wights
  7 killer bees
  7 howler monkeys
  5 centaur zombies
  3 hounds
  2 jellies
  10 orc priests
  An iron imp (Abyss:3)
  2 gnoll boudas (D:6)
  3 iguanas
  Natasha (thrice) (D:3)
  10 orc wizards
  5 hell rats
  A spectral howler monkey (D:10)
  A howler monkey skeleton (D:10)
  A howler monkey zombie (D:10)
  15 gnolls
  8 adders
  3 shadow imps
  A white imp (D:7)
  3 ufetubi
  4 worms (D:3)
  45 orcs
  6 endoplasms
  2 giant cockroaches
  11 goblins
  8 hobgoblins
  2 jackals (D:4)
  A quokka (D:3)
  4 ball pythons
  3 bats
  4 frilled lizards
  30 kobolds
  7 kobold skeletons (D:12)
  11 kobold zombies (D:12)
  4 rats
  A spectral goblin (D:3)
  A lurking horror (Abyss:2)
  A starspawn tentacle (Abyss:3)
643 creatures vanquished.

Vanquished Creatures (others)
  An iguana (Lair:5)
  An orc wizard (Orc:2)
  A bush (Lair:5)
  23 foxfires
  49 fungi
  A lurking horror (Abyss:3)
  61 plants
  6 starspawn tentacles
  3 withered plants
146 creatures vanquished.

Grand Total: 789 creatures vanquished

Notes
Turn   | Place    | Note
-------+----------+-------------------------------------------
     0 | D:1      | browni3141 the Mummy Cinder Acolyte began the quest for the
                  | Orb.
     0 | D:1      | Reached XP level 1. HP: 18/18 MP: 2/2
   204 | D:1      | Reached skill level 1 in Stealth
   258 | D:1      | Reached XP level 2. HP: 24/24 MP: 4/4
   725 | D:2      | Reached skill level 1 in Throwing
   725 | D:2      | Gained mutation: You are in touch with the powers of death.
                  | [Mummy growth]
   725 | D:2      | Reached XP level 3. HP: 29/29 MP: 5/5
   948 | D:2      | Learned a level 2 spell: Scorch
  1023 | D:2      | Found a shadowy altar of Dithmenos.
  1032 | D:2      | You fall into a shaft and drop 1 floor!
  1041 | D:3      | Noticed Natasha
  1046 | D:3      | Reached XP level 4. HP: 35/35 MP: 6/6
  1048 | D:3      | Killed Natasha
  1049 | D:3      | Reached skill level 3 in Polearms
  1074 | D:3      | Reached XP level 5. HP: 16/41 MP: 7/7
  1220 | D:3      | Found a faded altar of an unknown god.
  1354 | D:3      | Reached skill level 4 in Polearms
  1439 | D:3      | Noticed Natasha
  1462 | D:3      | Killed Natasha
  1551 | D:3      | Found a runed translucent door.
  1551 | D:3      | Noticed bakla's ghost (amateur DsWn)
  1567 | D:3      | Noticed a phantom
  1587 | D:3      | Killed a phantom
  1588 | D:3      | Reached XP level 6. HP: 41/47 MP: 4/8
  1753 | D:3      | Noticed Natasha
  1759 | D:3      | Killed Natasha
  1944 | D:3      | Killed bakla's ghost
  1945 | D:3      | Reached skill level 5 in Polearms
  2220 | D:4      | Found an ancient bone altar of Kikubaaqudgha.
  2805 | D:5      | Entered Level 5 of the Dungeon
  2953 | D:5      | Reached XP level 7. HP: 52/52 MP: 9/9
  3008 | D:5      | Reached skill level 1 in Evocations
  3613 | D:6      | Found a staircase to the Ecumenical Temple.
  3649 | D:6      | Reached skill level 6 in Polearms
  3775 | D:6      | Reached skill level 7 in Polearms
  3823 | D:6      | Reached XP level 8. HP: 31/58 MP: 5/10
  4011 | D:6      | Reached skill level 8 in Polearms
  4804 | D:7      | Reached skill level 9 in Polearms
  5088 | D:7      | Reached XP level 9. HP: 44/63 MP: 11/11
  5175 | D:7      | Reached skill level 10 in Polearms
  5175 | D:7      | Reached skill level 1 in Armour
  5268 | D:7      | Noticed Menkaure
  5289 | D:7      | Killed Menkaure
  6342 | D:8      | Identified the +9 hand axe of Red Wine {heavy, rElec rPois
                  | Str-3 Int-4}
  6414 | D:8      | Reached skill level 5 in Armour
  6540 | D:8      | Reached skill level 1 in Dodging
  6583 | D:8      | Reached XP level 10. HP: 55/70 MP: 12/12
  6917 | D:8      | Noticed a two-headed ogre
  6933 | D:8      | Killed a two-headed ogre
  6934 | D:8      | Reached skill level 5 in Dodging
  7574 | D:9      | Reached skill level 5 in Evocations
  7632 | D:9      | Noticed a wizard
  7638 | D:9      | Killed a wizard
  7647 | D:9      | Noticed a large abomination
  7715 | D:10     | Entered Level 10 of the Dungeon
  7820 | D:9      | Reached skill level 5 in Fighting
  7820 | D:9      | Reached XP level 11. HP: 13/79 MP: 13/13
  8787 | D:9      | Killed a large abomination
  9378 | D:9      | Found a staircase to the Orcish Mines.
  9856 | D:9      | Found a staircase to the Lair.
  9886 | Lair:1   | Entered Level 1 of the Lair of Beasts
 10391 | Lair:1   | Reached XP level 12. HP: 83/92 MP: 14/14
 11068 | Lair:1   | Reached skill level 11 in Polearms
 11494 | Lair:2   | Noticed Harold
 11499 | Lair:2   | Killed Harold
 11878 | Lair:2   | Reached skill level 12 in Polearms
 12303 | Lair:3   | Found a hole to the Spider Nest.
 12307 | Lair:3   | You fall into a shaft and drop 1 floor!
 12307 | Lair:4   | Noticed a six-headed hydra
 12396 | Lair:3   | Identified the +3 leather armour of Conscience {Will-
                  | Regen+ Str+8 Dex-4}
 12696 | Lair:3   | Noticed a seven-headed hydra
 12776 | Lair:3   | Found a staircase to the Swamp.
 13010 | Orc:1    | Entered Level 1 of the Orcish Mines
 13043 | Orc:1    | Noticed an orc high priest
 13361 | D:9      | Killed an orc high priest
 13362 | D:9      | Reached skill level 13 in Polearms
 13453 | Orc:1    | Found Xoniguuz's Weapon Shop.
 13531 | Orc:1    | Found Omaviff's Magic Scroll Boutique.
 13674 | Orc:2    | Entered Level 2 of the Orcish Mines
 13674 | Orc:2    | Found a staircase to the Elven Halls.
 13827 | Orc:2    | Noticed Urug
 13904 | Orc:2    | Noticed an orc warlord
 14041 | Orc:2    | Noticed a two-headed ogre
 14043 | Orc:2    | Noticed an ogre mage
 14095 | Orc:1    | Killed a two-headed ogre
 14295 | D:10     | Gained mutation: You are strongly in touch with the powers
                  | of death. [Mummy growth]
 14295 | D:10     | Reached XP level 13. HP: 96/98 MP: 15/15
 15008 | D:12     | Found an ancient bone altar of Kikubaaqudgha.
 15040 | D:12     | Reached skill level 14 in Polearms
 16105 | D:11     | Reached skill level 15 in Polearms
 17083 | D:10     | Noticed Nergalle
 17107 | D:10     | Killed Nergalle
 17219 | D:10     | Found a basalt altar of Yredelemnul.
 17923 | D:10     | Found a basalt altar of Yredelemnul.
 18069 | D:11     | Found the +10 dark maul {heavy}
 18087 | Abyss:2  | Cast into level 2 of the Abyss (rakshasa)
 18150 | Abyss:2  | Reached skill level 16 in Polearms
 18389 | Abyss:2  | Found a corrupted altar of Lugonu.
 18390 | Abyss:2  | Found a corrupted altar of Lugonu.
 18412 | Abyss:2  | Reached XP level 14. HP: 76/105 MP: 16/16
 18441 | Abyss:2  | Found a corrupted altar of Lugonu.
 18454 | Abyss:2  | Noticed a bone dragon
 18510 | Abyss:2  | Noticed a bone dragon
 18609 | Abyss:2  | Noticed a tentacled starspawn
 18609 | Abyss:2  | Noticed a black draconian knight
 18823 | Abyss:2  | Noticed a brown very ugly thing
 19014 | Abyss:3  | Noticed a profane servitor
 19126 | Abyss:3  | Noticed a red very ugly thing
 19139 | Abyss:3  | Killed a red very ugly thing
 19164 | D:11     | Escaped the Abyss
 19359 | Orc:2    | Killed Urug
 20217 | Lair:3   | Noticed Rupert
 20345 | Lair:4   | Found a viscous altar of Jiyva.
 20345 | Lair:4   | Found a staircase to the Slime Pits.
 21350 | Lair:5   | Entered Level 5 of the Lair of Beasts
 22450 | Lair:5   | Reached skill level 10 in Fighting
 22483 | Lair:5   | Identified the +5 halberd of Anguish {vamp, rElec Will++
                  | Dex-3}
 23377 | Lair:3   | Killed Rupert
 23378 | Lair:3   | Reached XP level 15. HP: 96/115 MP: 17/17
 24219 | Orc:2    | Noticed Snorg
 24252 | Orc:1    | Found Digheff's Antique Armour Shoppe.
 24281 | Orc:1    | You fall into a shaft and drop 1 floor!
 24373 | Orc:2    | Reached skill level 10 in Armour
 24415 | Orc:2    | Reached skill level 5 in Stealth
 24425 | Orc:2    | Killed Snorg
 24446 | Orc:2    | Found Kaarch's Magic Scroll Boutique.
 24446 | Orc:2    | Found Apletito's Weapon Shop.
 24467 | Orc:2    | Found Facseigh's Weapon Shoppe.
 24484 | Orc:2    | Found Uvaeluig's Magic Scroll Boutique.
 24493 | Orc:2    | Bought a scroll of blinking for 105 gold pieces
 24493 | Orc:2    | Bought a scroll of butterflies for 56 gold pieces
 24669 | Orc:1    | Bought a pair of runed boots for 202 gold pieces
 24791 | Orc:2    | Bought a scroll of fog for 40 gold pieces
 24791 | Orc:2    | Bought a scroll of magic mapping for 75 gold pieces
 24791 | Orc:2    | Bought a scroll of teleportation for 30 gold pieces
 24802 | Orc:2    | Bought a scroll of immolation for 56 gold pieces
 24802 | Orc:2    | Bought a scroll of fog for 56 gold pieces
 24840 | Orc:1    | Bought a scroll of fog for 44 gold pieces
 24840 | Orc:1    | Bought a scroll of vulnerability for 44 gold pieces
 24962 | D:11     | Got the Quarto of the Incendiary Geodesic
 24965 | D:11     | Identified the +9 shortbow "Xukulef" {antimagic, Stlth+}
 24974 | D:11     | Identified the +8 quarterstaff of Pymeushy {freeze, Will+
                  | Dex+3 Stlth+}
 25337 | Abyss:3  | Cast into level 3 of the Abyss (rakshasa)
 25371 | Abyss:3  | HP: 5/117 [thrashing horror (11)]
 25471 | Abyss:3  | Noticed a hellephant
 25488 | Abyss:3  | Noticed a tentacled starspawn
 25508 | Abyss:3  | Killed a tentacled starspawn
 25558 | Abyss:3  | Noticed a lich
 25572 | Abyss:3  | Killed a lich
 25623 | Abyss:3  | Found a corrupted altar of Lugonu.
 25734 | Abyss:3  | Noticed a tentacled starspawn
 25753 | Abyss:3  | Killed a tentacled starspawn
 25793 | Abyss:3  | Noticed a revenant
 25819 | Abyss:3  | HP: 2/119 [revenant (10)]
 25825 | Abyss:3  | Slain by a revenant

Illustrated notes

Levels and vault maps discovered:
D:1:      dpeg_arrival_arbitrary_b, layout_basic
D:2:      layout_loops_cross, basic_altar, minmay_misc_feat_columns
D:3:      layout_basic, gammafunk_ghost_grave,
          dreamdust_ecumenical_altar_drowned_temple, uniq_natasha
D:4:      layout_gridville, kiku_gazebo_garden_becter
D:5:      layout_gridville
D:6:      layout_basic, tso_metal_star, minmay_temple_entry_large_hall
D:7:      layout_basic, chequers_serial_rivers_micro_b, centaur_isle,
          uniq_menkaure
D:8:      layout_basic, nzn_life_drinkers
D:9:      layout_long_grid, erik_lair_dragon, orc_0_dummy, serial_undead,
          serial_undead_b, serial_undead_a, serial_undead_a, serial_undead_e,
          laboratory
D:10:     lemuel_vampire_tower, layout_small_grid, serial_rivers,
          chequers_serial_rivers_micro_d, chequers_serial_rivers_micro_e,
          chequers_serial_rivers_small_b, chequers_serial_rivers_micro_d,
          chequers_serial_rivers_micro_d, uniq_nergalle
D:11:     minmay_the_grid_triangle_9x9_recursive_2
          [minmay_the_grid_triangle_9x9_prize_insulated,
          minmay_the_grid_triangle_9x9_sprig,
          minmay_the_grid_triangle_9x9_semitri,
          minmay_the_grid_triangle_9x9_steps], layout_cave_pools
D:12:     wander_kiku_kobolds, layout_irregular_city
Lair:1:   layout_loops_ring, grunt_megastairs_2
Lair:2:   layout_gridlike, serial_rivers, chequers_serial_rivers_micro_c,
          chequers_serial_rivers_small_b, chequers_serial_rivers_micro_e,
          chequers_serial_rivers_small_a, chequers_serial_rivers_small_b,
          chequers_serial_rivers_large_a, grunt_forest_small_clearing_treed,
          uniq_harold
Lair:3:   layout_chaotic_city, minmay_swamp_entry_worms,
          spider_nest_entry_web_field, wad_woods_03, uniq_rupert
Lair:4:   layout_loops_ring, dpeg_slime_entry_enclosed
Lair:5:   guppyfry_lair_end_dragon, layout_misc_corridors,
          nicolae_lair_lindhole, lemuel_fruit_tree
Orc:1:    layout_caves, serial_shops, shop, nicolae_diamond_shop, shop
Orc:2:    st_orc_open, layout_caves, uniq_snorg, uniq_urug
Abyss:3:  base: D:12, base: D:15, base: Lair:4, bh_silent_lugonu_exit,
          evilmike_abyss_exit_mutagenic, evilmike_abyss_rune_elephants_shrine,
          doesnt_abyss_rune_brain_food, base: D:12, evilmike_abyss_exit_kraken

Skill      XL: |  1  2  3  4  5  6  7  8  9 10 11 12 13 14 15 |
---------------+----------------------------------------------+-----
Stealth        | 1 2 4 5 |  5.5
Throwing       | 1 2 |  2.0
Polearms       | 3 4 5 7 9 10 13 16 | 16.0
Evocations     | 2 6 7 |  7.7
Armour         | 5 8 9 10 | 10.4
Dodging        | 3 5 6 |  6.9
Fighting       | 5 8 10 11 | 11.2
Spellcasting   | |  1.3
Fire Magic     | |  2.4

Action                     |  1- 3 |  4- 6 |  7- 9 | 10-12 | 13-15 || total
---------------------------+-------+-------+-------+-------+-------++-------
  Melee: Spear             |   110 |   180 |   313 |   641 |   551 ||  1795
         Punch             |     1 |     1 |     6 |     6 |    17 ||    31
         Trident           |       |     2 |    30 |       |   677 ||   709
         Halberd           |       |       |    73 |   571 |   750 ||  1394
  Throw: Dart              |       |     3 |       |       |       ||     3
   Cast: Scorch            |       |    12 |    21 |     7 |     6 ||    46
 Invoke: Fiery Armour      |     1 |       |     2 |     6 |       ||     9
         Foxfire Swarm     |       |     1 |       |     1 |       ||     2
  Evoke: Wand              |       |       |    38 |    44 |    41 ||   123
         Phial of floods   |       |       |       |       |     4 ||     4
    Use: Scroll            |       |     3 |     4 |    16 |    17 ||    40
   Stab: Sleeping          |       |     1 |       |       |       ||     1
         Paralysed         |       |       |     7 |    24 |     5 ||    36
         Petrified         |       |       |       |       |    12 ||    12
         Confused          |       |       |       |       |     1 ||     1
         Distracted        |       |       |       |       |     3 ||     3
 Armour: Ring mail         |    16 |    72 |   122 |   227 |       ||   437
         Robe              |     1 |       |       |       |       ||     1
         Fire dragon scale |       |       |       |   300 |   851 ||  1151
  Dodge: Dodged            |    30 |    90 |   238 |   570 |   752 ||  1680
         Repelled          |       |       |     1 |     2 |    15 ||    18

Table legend: (Time is in decaauts)
 A = Elapsed time spent in this place.
 B = Non-inter-level travel time spent in this place.
 C = Inter-level travel time spent in this place.
 D = Time resting spent in this place.
 E = Time spent auto-exploring this place.
 F = Levels seen in this place.
 G = Mean time per level.
                   A        B        C        D        E       F      G
               +--------+--------+--------+--------+--------+-----+--------+
         Total |  24921 |  22612 |   2309 |   2625 |  12037 |  22 | 1132.8 |
       Dungeon |  14981 |  13425 |   1556 |   1245 |   7930 |  12 | 1248.4 |
          Lair |   6274 |   5771 |    503 |    281 |   3373 |   5 | 1254.8 |
  Orcish Mines |   2226 |   1977 |    249 |    475 |    733 |   2 | 1113.0 |
         Abyss |   1440 |   1440 |      0 |    623 |      0 |   3 |  480.0 |
               +--------+--------+--------+--------+--------+-----+--------+

Top non-repeatable levels by time:
     D:9: 2828 daAuts
    D:10: 1971 daAuts
    D:11: 1519 daAuts
  Lair:1: 1513 daAuts
     D:7: 1501 daAuts
     D:8: 1469 daAuts
   Orc:1: 1325 daAuts
  Lair:5: 1226 daAuts
  Lair:2: 1190 daAuts
  Lair:3: 1184 daAuts
  Lair:4: 1159 daAuts
     D:6: 1102 daAuts
     D:3: 1003 daAuts
    D:12: 993 daAuts
   Orc:2: 900 daAuts
